 Dungeon Crawl Stone Soup version 0.18.1-48-g4cf74bf (webtiles) character file.

3298 tyranidshit the Fighter (level 9, -10/90 HPs)
             Began as a Deep Dwarf Necromancer on July 11, 2016.
             Was a Priest of Makhleb.
             Killed from afar by Erica (22 damage)
             ... with an orb of energy
             ... on level 8 of the Dungeon.
             The game lasted 00:38:17 (5029 turns).

tyranidshit the Fighter (Deep Dwarf Necromancer)    Turns: 5029, Time: 00:38:18

Health: -10/90     AC:  6    Str: 12    XL:     9   Next: 70%
Magic:  18/20      EV: 12    Int: 22    God:    Makhleb [***...]
Gold:   467        SH:  0    Dex: 13    Spells: 2 memorised, 20 levels left

rFire  . . .     SeeInvis +     e - +2 great sword
rCold  + . .     Gourm    .     a - +0 robe
rNeg   . . .     Faith    .     (shield currently unavailable)
rPois  .         Spirit   .     h - +2 hat {Int+3}
rElec  .         Dismiss  .     (no cloak)
rCorr  .         Reflect  .     r - +0 pair of gloves
SustAt .         Harm     .     o - +0 pair of boots
MR     +....                    (no amulet)
Stlth  +.........               (no ring)
                                q - ring of protection from cold

@: lethally poisoned (-10 -> -10), liquid flames, non-regenerating, glowing,
somewhat resistant to hostile enchantments, very unstealthy
A: damage resistance, recharge devices, see invisible, sense surroundings 2,
slow regeneration 3
a: Device Recharging, Minor Destruction, Lesser Servant of Makhleb, Renounce
Religion


You were on level 8 of the Dungeon.
You worshipped Makhleb.
Makhleb was most pleased with you.
You were not hungry.

You visited 2 branches of the dungeon, and saw 9 of its levels.

You collected 467 gold pieces.

Inventory:

Hand Weapons
 e - a +2 great sword (weapon)
 l - a +3 flail
 n - a +1 spear
Missiles
 p - 5 poisoned needles
Armour
 a - a +0 robe (worn)
 h - a +2 hat of intelligence (worn)
 o - a +0 pair of boots (worn)
 r - a +0 pair of gloves (worn)
 s - a +2 shield
Jewellery
 f - an uncursed ring of positive energy
 m - an uncursed amulet of the gourmand
 q - a ring of protection from cold (left hand)
 C - a +3 ring of protection {unknown}
Wands
 c - a wand of heal wounds (3/9)
 x - a wand of confusion (36/48)
 y - a wand of digging (11/24)
 z - a wand of lightning (7/15)
Scrolls
 k - 4 scrolls of identify
 t - a scroll of immolation
 u - 3 scrolls of amnesia
 w - 6 scrolls of remove curse
Potions
 A - 2 potions of curing
 B - 2 potions of might
Books
 b - a book of Necromancy

   Spells                             Type                      Level
   a - Pain                           Necromancy                   1
   b - Animate Skeleton               Necromancy                   1
   c - Vampiric Draining              Necromancy                   3
   d - Regeneration                   Charms/Necromancy            3
   e - Animate Dead                   Necromancy                   4
   f - Control Undead                 Necromancy                   4
 d - an Akashic Record

   Spells                             Type                      Level
   a - Dispersal                      Translocation                6
   b - Malign Gateway                 Summoning/Translocation      7
   c - Disjunction                    Translocation                8
   d - Controlled Blink               Translocation                8
 v - a book of Power

   Spells                             Type                      Level
   a - Fulminant Prism                Conjuration/Hexes            4
   b - Iskenderun's Mystic Blast      Conjuration                  4
   c - Venom Bolt                     Conjuration/Poison           5
   d - Bolt of Magma                  Conjuration/Fire/Earth       5
   e - Iron Shot                      Conjuration/Earth            6
   f - Orb of Destruction             Conjuration                  7
   g - Spellforged Servitor           Conjuration/Summoning        7
 D - a book of Party Tricks

   Spells                             Type                      Level
   a - Summon Butterflies             Summoning                    1
   b - Apportation                    Translocation                1
   c - Tukima's Dance                 Hexes                        3
   d - Alistair's Intoxication        Transmutation/Poison         5
   e - Invisibility                   Hexes                        6
Comestibles
 g - 8 meat rations
 i - 8 fruits
 j - a bread ration
 E - a slice of pizza


   Skills:
 + Level 8.8 Fighting
 - Level 2.1 Dodging
 - Level 2.4 Stealth
 + Level 8.4 Spellcasting
 - Level 4.3 Necromancy


You had 20 spell levels left.
You knew the following spells:

 Your Spells              Type           Power        Failure   Level  Hunger
a - Pain                  Necr           ####         1%          1    None
b - Vampiric Draining     Necr           ####......   3%          3    None


Dungeon Overview and Level Annotations

Branches:
Dungeon (8/15)             Temple (1/1) D:5            Lair (0/8) D:8

Altars:
Makhleb
Nemelex Xobeh
Ru
Trog
Zin

Annotations:
D:3 tyranidshit's ghost, amateur DDNe
D:8 Erica


Innate Abilities, Weirdness & Mutations

You are resistant to damage.
You can recharge devices by infusing magical energy.
You passively map the area around you.
You do not regenerate naturally.
You have supernaturally acute eyesight.


Message History

It doesn't seem very happy.
You feel slightly more hungry.
You can no longer hurl Makhleb's greater destruction.
Erica hits you but does no damage. The smoke demon gestures at you.
The sticky flame misses Erica.
The sticky flame hits you!
You are covered in liquid flames!
You are covered in liquid flames!
* * * LOW HITPOINT WARNING * * *
You are covered in liquid flames!
Erica points at you and mumbles some strange words.
The bolt of poison hits you!
You are poisoned.
* * * LOW HITPOINT WARNING * * *
You are covered in liquid flames!
* * * LOW HITPOINT WARNING * * *
You are covered in liquid flames!
Erica gestures at you while chanting. The orb of energy hits you!
You die...

** *,*********,**,#.# *
*,,,,,,,,,,,*#.#.# **
*****,***********#.#<#
,***,,,*,* #.#.#
,,,,,,,,,* #.#.#
,***,,,*** #.#.# **.*****
#.#.#
**#..################.#.#
**,#........3@..@.......#
,**#.......#.############
,*...######.## ,***** ###
** * *


You could see Erica (invisible) and a smoke demon.

Vanquished Creatures
  A hill giant (D:6)
  A hippogriff (D:7)
  Duvessa (D:6)
  3 orc warriors
  An ice beast (D:5)
  2 phantoms (D:5)
  A necrophage (D:7)
  3 sky beasts
  A wasp (D:8)
  3 ogres (D:6)
  A centaur (D:7)
  A giant frog (D:5)
  A big kobold (D:7)
  Dowan (D:6)
  A scorpion (D:6)
  A howler monkey (D:4)
  5 crimson imps
  A quasit (D:6)
  3 hounds
  2 orc priests
  7 orc wizards
  A centaur skeleton (D:7)
  4 worker ants
  2 iguanas
  A howler monkey zombie (D:6)
  A worker ant zombie (D:7)
  3 gnolls (D:5)
  4 river rats (D:8)
  9 adders
  An ooze (D:3)
  2 worms
  A dart slug (D:2)
  3 giant geckos
  23 orcs
  5 giant cockroaches
  6 hobgoblins
  4 jackals (D:7)
  2 quokkas
  2 ball pythons
  20 bats
  A giant gecko skeleton (D:6)
  A giant newt (D:4)
  6 goblins
  16 kobolds
  14 rats
173 creatures vanquished.

Notes
Turn   | Place    | Note
--------------------------------------------------------------
     0 | D:1      | tyranidshit the Deep Dwarf Necromancer began the quest for the Orb.
     0 | D:1      | Reached XP level 1. HP: 15/15 MP: 3/3
   208 | D:1      | Reached skill level 1 in Fighting
   208 | D:1      | Reached XP level 2. HP: 25/25 MP: 0/5
   794 | D:2      | Reached XP level 3. HP: 32/32 MP: 4/6
   855 | D:2      | Learned a level 3 spell: Vampiric Draining
   999 | D:2      | Found a bloodstained altar of Trog.
  1312 | D:3      | Noticed tyranidshit's ghost (amateur DDNe)
  1337 | D:3      | Found a glowing silver altar of Zin.
  1337 | D:3      | Noticed an angel
  1400 | D:2      | Reached XP level 4. HP: 28/39 MP: 0/8
  1409 | D:2      | Gained mutation: You have supernaturally acute eyesight. [potion of beneficial mutation]
  1856 | D:4      | Found a burning altar of Makhleb.
  1859 | D:4      | Became a worshipper of Makhleb the Destroyer
  1926 | D:4      | Found a sacrificial altar of Ru.
  1926 | D:4      | Found a bloodstained altar of Trog.
  1927 | D:4      | Found a sparkling altar of Nemelex Xobeh.
  2000 | D:4      | Reached XP level 5. HP: 26/48 MP: 1/10
  2135 | D:4      | Reached XP level 6. HP: 45/57 MP: 4/12
  2592 | D:5      | Entered Level 5 of the Dungeon
  2745 | D:5      | Noticed a sky beast
  2746 | D:5      | Noticed an ice beast
  2904 | D:5      | Found a staircase to the Ecumenical Temple.
  2911 | D:5      | Reached XP level 7. HP: 29/66 MP: 8/14
  2927 | Temple   | Entered the Ecumenical Temple
  3007 | D:5      | Reached skill level 5 in Fighting
  3007 | D:5      | Reached skill level 5 in Spellcasting
  3188 | D:5      | Reached * piety under Makhleb
  3432 | D:6      | Reached XP level 8. HP: 33/76 MP: 6/16
  3617 | D:6      | Noticed Duvessa
  3633 | D:6      | Noticed Dowan
  3637 | D:6      | Killed Duvessa
  3651 | D:6      | Killed Dowan
  3705 | D:6      | Noticed a hill giant
  3852 | D:7      | Reached ** piety under Makhleb
  4053 | D:7      | Gained mutation: You passively map the area around you. [Deep Dwarf growth]
  4053 | D:7      | Reached XP level 9. HP: 69/86 MP: 11/19
  4588 | D:6      | Killed a hill giant
  4666 | D:7      | Reached *** piety under Makhleb
  4873 | D:8      | Found a staircase to the Lair.
  4935 | D:8      | Reached **** piety under Makhleb
  5010 | D:8      | Noticed Erica
  5024 | D:8      | Noticed a smoke demon
  5029 | D:8      | Killed from afar by Erica

Skill      XL: |  1  2  3  4  5  6  7  8  9 |
---------------+----------------------------+-----
Spellcasting   | 2 3 4 5 7 8 |  8.4
Fighting       | 1 2 3 4 5 7 8 |  8.8
Dodging        | |  2.1
Stealth        | |  2.4
Necromancy     | |  4.3

Action                   |  1- 3 |  4- 6 |  7- 9 || total
-------------------------+-------+-------+-------++-------
Melee: Club              |    15 |       |       ||    15
       Dagger            |     3 |       |       ||     3
       Unarmed           |     1 |       |       ||     1
       Short sword       |    47 |    69 |       ||   116
       Spear             |       |    25 |       ||    25
       Great sword       |       |    55 |   273 ||   328
       Flail             |       |       |     8 ||     8
 Cast: Pain              |    61 |    14 |    30 ||   105
       Vampiric Draining |     7 |    14 |    84 ||   105
Invok: Lesser Servant of |       |       |     1 ||     1
 Abil: Device Recharging |       |       |     1 ||     1
Evoke: Wand              |     2 |     1 |     8 ||    11
  Use: Scroll            |     7 |     5 |     8 ||    20
       Potion            |     1 |     7 |     2 ||    10
 Stab: Sleeping          |       |     1 |     3 ||     4
       Distracted        |       |     1 |       ||     1
  Eat: Bread ration      |     1 |     1 |       ||     2
       Royal jelly       |       |     1 |       ||     1
       Pizza             |       |     1 |       ||     1
       Meat ration       |       |       |     2 ||     2
Armor: Robe              |    44 |    90 |   267 ||   401
Dodge: Dodged            |   125 |   150 |   481 ||   756
Block: Shield            |       |    51 |       ||    51
